 Dungeon Crawl Stone Soup version 0.21.1-1-g345015fe64 (webtiles) character file.

84 Lavandula the Digger (level 4, -2/30 HPs)
             Began as a Barachi Earth Elementalist on June 28, 2018.
             Slain by an iguana (11 damage)
             ... on level 3 of the Dungeon.
             The game lasted 00:04:21 (629 turns).

Lavandula the Digger (Barachi Earth Elementalist)    Turns: 629, Time: 00:04:22

Health: -2/30      AC:  3    Str:  9    XL:     4   Next: 46%
Magic:  2/7        EV: 12    Int: 17    God:
Gold:   17         SH:  0    Dex: 12    Spells: 3/7 levels left

rFire    . . .     SeeInvis .   j - +2 quarterstaff (chaos)
rCold    . . .     Gourm    .   (shield currently unavailable)
rNeg     . . .     Faith    .   c - +0 robe
rPois    .         Spirit   .   (no helmet)
rElec    .         Reflect  .   l - +0 cloak (curse)
rCorr    .         Harm     .   (no gloves)
MR       .....                  (no boots)
Stlth    ++........             k - amulet of inaccuracy (curse)
HPRegen  0.10/turn              (no ring)
MPRegen  0.10/turn              (no ring)

@: slow
A: +LOS, swims, slowness 1, strong legs 1
a: Hop


You were on level 3 of the Dungeon.
You were hungry.

You visited 1 branch of the dungeon, and saw 4 of its levels.

You collected 17 gold pieces.

Inventory:

Hand Weapons
 h - a +0 spear
 j - a +2 quarterstaff of chaos (weapon)
Missiles
 b - 21 stones (quivered)
Armour
 c - a +0 robe (worn)
 l - a cursed +0 cloak (worn)
Jewellery
 k - a cursed amulet of inaccuracy (around neck)
Scrolls
 m - a scroll of enchant armour {unknown}
Potions
 f - a potion of degeneration {unknown}
 g - a potion of lignification {unknown}
 i - a potion of heal wounds {unknown}
Books
 e - a book of Geomancy

   Spells                             Type                      Level
   a - Sandblast                      Earth                        1
   b - Passwall                       Transmutation/Earth          2
   c - Stone Arrow                    Conjuration/Earth            3
   d - Petrify                        Transmutation/Earth          4
   e - Lee's Rapid Deconstruction     Earth                        5
Comestibles
 d - 6 rations


   Skills:
 + Level 1.9 Staves
 - Level 2.1 Dodging
 - Level 1.7 Stealth
 - Level 2.1 Spellcasting
   Level 1.1 Transmutations
 - Level 4.7 Earth Magic


You had 3 spell levels left.
You knew the following spells:

 Your Spells              Type           Power        Failure   Level  Hunger
a - Sandblast             Erth           ###...       2%          1    #......
b - Stone Arrow           Conj/Erth      #.....       22%         3    ###....


Dungeon Overview and Level Annotations

Branches:
Dungeon (4/15)
 Temple: D:4-7

Altars:


Innate Abilities, Weirdness & Mutations

Shadows flee at your approach. (+LOS)
You can swim through water.
You cover ground slowly.
You can hop short distances.


Message History

The iguana is moderately wounded.
b - 21 stones You closely miss the iguana.
The iguana is moderately wounded.
The iguana barely misses you. The iguana closely misses you.
You hit the iguana. You freeze the iguana.
The iguana is heavily wounded.
The iguana bites you!
You barely miss the iguana.
The iguana is heavily wounded.
The iguana bites you!
* * * LOW HITPOINT WARNING * * *
Casting: Sandblast
Confirm with . or Enter, or press ? or * to list all spells.
Aiming: Sandblast
Press: ? - help, Shift-Dir - straight line, f/p - iguana
Aim: an iguana (heavily wounded)
Okay, then.
It was a potion of curing.
You feel better. The iguana bites you!
You die...

.......#.?.!.#......####.
#####....#####..#.#..# #.
#..#)[[#....# #.......# #.
...#($/#....# #..#.#..# ##
...#$(h#....# #.......####
.g.#####....# #.#..##....<
..S.........#####........###
...$.......l.............###
...........@.......#.#.#.#..
#.................#...#.#.#
.####.....####..###.#.#.#
#.....# #..###.#.... #.....#
#..........# #.....#
##..##.##..# ### #.....#
#.......<.. #.#####...###
##.##...... #.#.##.รท)(.>.#
#.#####.##


You could see an iguana and a hound.

Vanquished Creatures
  Crazy Yiuf (D:3)
  2 gnolls (D:3)
  An adder (D:3)
  A dart slug (D:4)
  2 leopard geckos
  2 orcs
  3 bats
  3 giant cockroaches
  A hobgoblin (D:1)
  4 kobolds
  A frilled lizard (D:3)
  3 goblins
  A rat (D:3)
25 creatures vanquished.

Notes
Turn   | Place    | Note
-------+----------+-------------------------------------------
     0 | D:1      | Lavandula the Barachi Earth Elementalist began the quest for the Orb.
     0 | D:1      | Reached XP level 1. HP: 13/13 MP: 3/3
    49 | D:1      | Reached XP level 2. HP: 17/19 MP: 0/5
   154 | D:3      | Reached skill level 4 in Earth Magic
   193 | D:3      | Reached XP level 3. HP: 12/24 MP: 3/6
   198 | D:3      | Learned a level 3 spell: Stone Arrow
   332 | D:3      | Found a runed door.
   336 | D:3      | Noticed Crazy Yiuf
   340 | D:3      | Killed Crazy Yiuf
   402 | D:3      | Reached skill level 1 in Staves
   402 | D:3      | Reached XP level 4. HP: 9/30 MP: 2/7
   629 | D:3      | Slain by an iguana

Skill      XL: |  1  2  3 |
---------------+----------+-----
Earth Magic    | 4 |  4.7
Staves         | 1 |  1.9
Dodging        | |  2.1
Stealth        | |  1.7
Spellcasting   | |  2.1
Transmutations | |  1.1

Action                   |  1- 3 |  4- 6 || total
-------------------------+-------+-------++-------
Melee: Unarmed           |     7 |       ||     7
       Spear             |    28 |       ||    28
       Quarterstaff      |     5 |    13 ||    18
 Cast: Sandblast         |    29 |     5 ||    34
       Stone Arrow       |     1 |     4 ||     5
 Abil: Hop               |     1 |     1 ||     2
  Use: Scroll            |     1 |       ||     1
       Potion            |       |     1 ||     1
 Stab: Sleeping          |       |     1 ||     1
Armor: Robe              |    16 |     3 ||    19
Dodge: Dodged            |    38 |    14 ||    52
